Kings vs Coyotes (R1)

Created - November 16, 2017 at 23:30

Goals
1 2 3 OT1 SO T
Kings 4 0 0 0 2 4
Coyotes 1 2 1 0 3 5
Shots
1 2 3 OT1 SO T
Kings 9 12 7 0 5 28
Coyotes 10 19 4 0 5 33

1st period

1. Kings , Jason Pominville 6 (Drew Doughty 9, Anze Kopitar 10) at 0:06
2. Kings , Cam Janssen 1 (Drew Doughty 10, Frans Nielsen 5) at 9:05
3. Kings , Drew Miller 4 (Frans Nielsen 6) at 10:58
4. Kings , Anze Kopitar 11 (Drew Miller 9, Jason Pominville 7) at 15:49
5. Coyotes , Nazem Kadri 8 (Chris Stewart 2) at 19:18

Penalties :
Cam Janssen (LAK) for Hooking (Minor) at 6:03, Anze Kopitar (LAK) for Hooking (Minor) at 13:34, Greg Zanon (Ari) for Slashing (Minor) at 17:01

2nd period

6. Coyotes , Brad Richards 7 (Eric Brewer 3, Josh Gorges 4) at 5:24
7. Coyotes , Marian Gaborik 11 (Anton Stralman 10) at 5:32 (PP)

Penalties :
Frans Nielsen (LAK) for Cross-checking (Minor) at 5:27, Marian Gaborik (Ari) for Hooking (Minor) at 5:56, Colton Parayko (LAK) for Slashing (Minor) at 11:31, Anton Stralman (Ari) for Holding Stick (Minor) at 11:34, Darroll Powe (LAK) for Hooking (Minor) at 15:26

3rd period

8. Coyotes , Eric Brewer 1 (Zach Parise 13, Brad Richards 15) at 4:35 (PP)

Penalties :
Torey Krug (LAK) for Tripping (Minor) at 4:17, Mike Comrie (LAK) for Tripping (Minor) at 5:28, Radko Gudas (LAK) for Delaying the game (Minor) at 17:11

Overtime #1

No Goal

Penalties :
No Penalty

Shootout

Penalty Shot by Anze Kopitar for Kings - Goal!
Penalty Shot by Tyler Ennis for Coyotes - Goal!
Penalty Shot by Ryan Callahan for Kings - Goal!
Penalty Shot by Marian Gaborik for Coyotes - Goal!
Penalty Shot by Drew Miller for Kings - Stopped by Maxime Daigneault
Penalty Shot by Zach Parise for Coyotes - Shot Misses the Net
Penalty Shot by Blake Wheeler for Kings - Stopped by Maxime Daigneault
Penalty Shot by Brad Richards for Coyotes - Shot Misses the Net
Penalty Shot by Frans Nielsen for Kings - Stopped by Maxime Daigneault
Penalty Shot by Chris Stewart for Coyotes - Goal!

Penalties :
No Penalty

Goalie Stats

Jonathan Quick (LAK), 29 saves from 33 shots - (0.879), OTL, 5-4-2, 65:00 minutes
Maxime Daigneault (Ari), 21 saves from 21 shots - (1.000), W, 2-0-0, 49:11 minutes
Ryan Miller (Ari), 3 saves from 7 shots - (0.429), 15:49 minutes

Players Stats for Kings

Player Name              G  A  P  +/- PIM S  H  SB GA TA FO     MP     PP MP  PK MP  
------------------------------------------------------------------------------------
Alec Martinez            0  0  0   0  0   0  0  2  0  0  0/0     7:13   0:00   0:00 
Anze Kopitar             1  1  2   1  2   6  1  1  0  0  10/25  20:32   2:13   1:01 
Blake Wheeler            0  0  0   0  0   1  1  2  0  0  1/1    12:55   1:42   2:04 
Cam Janssen              1  0  1   0  2   3  0  0  0  1  0/0     8:04   0:03   0:00 
Chris Mcallister         0  0  0   0  0   3  1  0  0  0  0/0    16:05   0:00   5:40 
Colton Parayko           0  0  0   1  2   0  1  0  0  0  0/0    16:46   0:01   0:00 
Darroll Powe             0  0  0   0  2   0  0  0  0  0  1/2     8:55   0:00   0:09 
Drew Doughty             0  2  2   1  0   4  0  1  2  1  0/0    25:57   2:08   4:44 
Drew Miller              1  1  2   2  0   3  2  1  2  1  0/0    21:16   1:42   2:56 
Frans Nielsen            0  2  2   1  2   2  1  0  0  0  4/13   17:16   1:43   0:00 
Jason Pominville         1  1  2   1  0   2  0  1  1  0  0/1    19:28   2:16   2:34 
Johnny Gaudreau          0  0  0   0  0   1  1  1  1  0  0/0    18:14   2:15   1:26 
Michal Rozsival          0  0  0   1  0   0  1  2  0  1  0/0    25:51   1:51   5:37 
Mike Comrie              0  0  0   0  2   3  0  1  1  0  9/18   14:55   0:03   4:52 
Radko Gudas              0  0  0   0  2   0  1  3  0  0  0/0    16:46   1:50   0:00 
Randy Jones              0  0  0   1  0   0  0  3  0  0  0/0    18:38   0:02   5:37 
Ryan Callahan            0  0  0   1  0   0  2  0  0  0  1/1    13:46   0:05   0:00 
Torey Krug               0  0  0   0  2   0  1  1  0  1  0/0    24:58   2:11   4:44 

Players Stats for Coyotes

Player Name              G  A  P  +/- PIM S  H  SB GA TA FO     MP     PP MP  PK MP  
------------------------------------------------------------------------------------
Anton Stralman           0  1  1  -2  2   2  1  0  1  0  0/0    27:42   5:39   1:40 
Brad Richards            1  1  2   0  0   3  2  0  0  1  22/38  24:43   5:56   1:08 
Brooks Laich             0  0  0   0  0   0  1  1  0  0  1/3     8:16   0:00   0:00 
Chris Neil               0  0  0   0  0   0  1  0  1  0  0/0     7:13   0:00   0:00 
Chris Stewart            0  1  1  -1  0   2  1  0  0  1  0/0    16:58   4:11   0:00 
Enver Lisin              0  0  0  -1  0   1  1  0  0  0  0/0     8:25   0:00   0:00 
Eric Brewer              1  1  2   1  0   2  0  0  0  1  0/0    23:57   4:40   1:28 
Greg Zanon               0  0  0  -1  2   0  1  1  0  0  0/0    13:14   0:01   1:19 
Josh Gorges              0  1  1   1  0   0  1  0  0  1  0/0    24:50   4:40   2:36 
Kristopher Letang        0  0  0  -2  0   2  0  1  0  2  0/0    27:40   5:41   0:57 
Marian Gaborik           1  0  1   0  2   9  4  0  1  0  0/1    21:49   6:10   0:02 
Mark Bell                0  0  0  -1  0   0  2  0  0  0  2/3    14:05   0:22   2:11 
Martin Samuelsson        0  0  0   0  0   1  0  0  0  0  0/0     8:22   0:00   1:27 
Maxim Talbot             0  0  0  -1  0   2  1  0  0  1  2/6    13:46   0:14   2:09 
Nazem Kadri              1  0  1  -1  0   5  4  0  0  0  7/9    18:57   4:11   0:02 
Thomas Hickey            0  0  0  -1  0   0  0  0  0  0  0/0    13:01   0:00   0:02 
Tyler Ennis              0  0  0  -1  0   1  3  0  1  0  0/0    16:59   4:03   0:00 
Zach Parise              0  1  1   0  0   3  2  0  1  0  1/1    24:03   5:56   1:03 

3 Stars

1 - Drew Miller (LAK)
2 - Jason Pominville (LAK)
3 - Eric Brewer (Ari)

Power Play

Kings - 0 on 3 Attempt(s) - 0.00%
Coyotes - 2 on 8 Attempt(s) - 25.00%

Penalty Kill

Kings - 6 on 8 Attempt(s) - 75.00% - Score 0 goal in Penalty Kill
Coyotes - 3 on 3 Attempt(s) - 100.00% - Score 0 goal in Penalty Kill

Team Stat

Kings - Hits : 13 - Faceoff Wins : 26 - Blocked Shots : 19 - Penalty Minutes : 16
Coyotes - Hits : 25 - Faceoff Wins : 35 - Blocked Shots : 3 - Penalty Minutes : 6

Official

Referees : Banfield David and Joannette Marc
Linesman : Andy McElman and Mike Cvik

Game Notes

Maxime Daigneault enters game at 15:49 of 1st period

Finance

Level 1 -- Attendance: 6000 (100.00%) -- Ticket Income $540,000
Level 2 -- Attendance: 5000 (100.00%) -- Ticket Income $265,000
Level 3 -- Attendance: 1808 (90.40%) -- Ticket Income $66,896
Level 4 -- Attendance: 3957 (98.93%) -- Ticket Income $102,882
Luxury Box -- Attendance: 1000 (100.00%) -- Ticket Income $163,000
Game was played at the The Pack Center.
Total Attendance: 17765 (98.69%)
Total Ticket Income: $1,137,778
Other Income: $170,667
Total Income: $1,308,445

Kings

5 vs 5 Forward 
   Center                   Left Wing                Right Wing               Time % Phy DF OF 
 1 Anze Kopitar             Johnny Gaudreau          Jason Pominville         40     1   1  3  
 2 Frans Nielsen            Drew Miller              Ryan Callahan            40     0   2  3  
 3 Mike Comrie              Chris Mcallister         Blake Wheeler            15     1   2  2  
 4 Darroll Powe             Alec Martinez            Cam Janssen              5      1   3  1  

5 vs 5 Defense 
   Defense                  Defense                                           Time % Phy DF OF 
 1 Drew Doughty             Colton Parayko                                    40     0   3  2  
 2 Michal Rozsival          Torey Krug                                        35     1   3  1  
 3 Randy Jones              Radko Gudas                                       25     1   3  1  
 4 Drew Doughty             Michal Rozsival                                   0      1   3  1  

PowerPlay Forward 
   Center                   Left Wing                Right Wing               Time % Phy DF OF 
 1 Anze Kopitar             Johnny Gaudreau          Jason Pominville         60     1   1  3  
 2 Frans Nielsen            Drew Miller              Blake Wheeler            40     1   1  3  

PowerPlay Defense
   Defense                  Defense                                           Time % Phy DF OF 
 1 Drew Doughty             Torey Krug                                        60     0   2  3  
 2 Radko Gudas              Michal Rozsival                                   40     0   3  2  

Penalty Kill 4 Players Forward 
   Center                   Wing                     Time % Phy DF OF 
 1 Mike Comrie              Chris Mcallister         60     0   4  1  
 2 Jason Pominville         Drew Miller              40     0   4  1  

Penalty Kill 4 Players Defense
   Defense                  Defense                  Time % Phy DF OF 
 1 Randy Jones              Michal Rozsival          60     1   4  0  
 2 Torey Krug               Drew Doughty             40     1   4  0  

Penalty Kill - 3 Players Forward 
   Forward                                           Time % Phy DF OF 
 1 Anze Kopitar                                      60     1   4  0  
 2 Blake Wheeler                                     40     1   4  0  

Penalty Kill - 3 Players Defense
   Defense                  Defense                  Time % Phy DF OF 
 1 Michal Rozsival          Randy Jones              60     0   5  0  
 2 Torey Krug               Drew Doughty             40     0   5  0  

4 vs 4 Forward 
   Center                   Wing                     Time % Phy DF OF 
 1 Anze Kopitar             Drew Miller              60     1   2  2  
 2 Frans Nielsen            Jason Pominville         40     1   2  2  

4 vs 4 Defense
   Defense                  Defense                  Time % Phy DF OF 
 1 Drew Doughty             Radko Gudas              60     1   2  2  
 2 Michal Rozsival          Torey Krug               40     1   2  2  

Last Minutes Offensive
   Center                   Left Wing                Right Wing               Defense                  Defense                  
   Anze Kopitar             Johnny Gaudreau          Jason Pominville         Torey Krug               Drew Doughty             

Last Minutes Defensive
   Center                   Left Wing                Right Wing               Defense                  Defense                  
   Anze Kopitar             Chris Mcallister         Blake Wheeler            Randy Jones              Drew Doughty             

Goaltenders
Starting : Jonathan Quick           
Backup : Mike Brodeur             

Extra Forwards
Normal : Frans Nielsen, Anze Kopitar, Jason Pominville - PP : Ryan Callahan, Mike Comrie - PK : Blake Wheeler
Extra Defensemen
Normal : Torey Krug, Colton Parayko, Randy Jones - PP : Randy Jones - PK : Radko Gudas, Colton Parayko
Penalty Shots
Anze Kopitar, Ryan Callahan, Drew Miller, Blake Wheeler, Frans Nielsen

Scratches
Peter Worrell (Bruised Left Shoulder Injury)

Coyotes

5 vs 5 Forward 
   Center                   Left Wing                Right Wing               Time % Phy DF OF 
 1 Brad Richards            Zach Parise              Marian Gaborik           37     0   2  3  
 2 Nazem Kadri              Tyler Ennis              Chris Stewart            30     0   2  3  
 3 Maxim Talbot             Mark Bell                Enver Lisin              20     0   2  3  
 4 Brooks Laich             Martin Samuelsson        Chris Neil               13     1   2  2  

5 vs 5 Defense 
   Defense                  Defense                                           Time % Phy DF OF 
 1 Kristopher Letang        Anton Stralman                                    42     1   2  2  
 2 Josh Gorges              Eric Brewer                                       34     1   3  1  
 3 Thomas Hickey            Greg Zanon                                        24     1   3  1  
 4 Kristopher Letang        Josh Gorges                                       0      1   2  2  

PowerPlay Forward 
   Center                   Left Wing                Right Wing               Time % Phy DF OF 
 1 Brad Richards            Zach Parise              Marian Gaborik           60     1   1  3  
 2 Nazem Kadri              Tyler Ennis              Chris Stewart            40     1   1  3  

PowerPlay Defense
   Defense                  Defense                                           Time % Phy DF OF 
 1 Kristopher Letang        Anton Stralman                                    60     1   1  3  
 2 Josh Gorges              Eric Brewer                                       40     1   1  3  

Penalty Kill 4 Players Forward 
   Center                   Wing                     Time % Phy DF OF 
 1 Maxim Talbot             Mark Bell                60     1   3  1  
 2 Brad Richards            Martin Samuelsson        40     1   3  1  

Penalty Kill 4 Players Defense
   Defense                  Defense                  Time % Phy DF OF 
 1 Greg Zanon               Josh Gorges              60     1   4  0  
 2 Anton Stralman           Eric Brewer              40     1   4  0  

Penalty Kill - 3 Players Forward 
   Forward                                           Time % Phy DF OF 
 1 Brad Richards                                     60     1   3  1  
 2 Zach Parise                                       40     1   3  1  

Penalty Kill - 3 Players Defense
   Defense                  Defense                  Time % Phy DF OF 
 1 Greg Zanon               Anton Stralman           60     1   4  0  
 2 Josh Gorges              Eric Brewer              40     1   4  0  

4 vs 4 Forward 
   Center                   Wing                     Time % Phy DF OF 
 1 Brad Richards            Zach Parise              60     1   2  2  
 2 Nazem Kadri              Marian Gaborik           40     1   2  2  

4 vs 4 Defense
   Defense                  Defense                  Time % Phy DF OF 
 1 Kristopher Letang        Anton Stralman           60     1   2  2  
 2 Josh Gorges              Eric Brewer              40     1   2  2  

Last Minutes Offensive
   Center                   Left Wing                Right Wing               Defense                  Defense                  
   Brad Richards            Zach Parise              Marian Gaborik           Kristopher Letang        Anton Stralman           

Last Minutes Defensive
   Center                   Left Wing                Right Wing               Defense                  Defense                  
   Brad Richards            Zach Parise              Marian Gaborik           Greg Zanon               Anton Stralman           

Goaltenders
Starting : Ryan Miller              
Backup : Maxime Daigneault        

Extra Forwards
Normal : Mark Bell, Maxim Talbot, Brooks Laich - PP : Mark Bell, Maxim Talbot - PK : Zach Parise
Extra Defensemen
Normal : Thomas Hickey, Greg Zanon, Anton Stralman - PP : Josh Gorges - PK : Kristopher Letang, Anton Stralman
Penalty Shots
Tyler Ennis, Marian Gaborik, Zach Parise, Brad Richards, Chris Stewart

Scratches
Michael Del Zotto (Suspend)

% Time on Ice - Kings

Lines # - Real PCT - Wanted PCT - Time Play
Normal Forward
1 - 32% - 40% - 13:53
2 - 36% - 40% - 15:43
3 - 17% - 15% - 7:14
4 - 16% - 5% - 6:52
Normal Defense
1 - 38% - 40% - 16:40
2 - 32% - 35% - 13:59
3 - 29% - 25% - 12:32
4 - 1% - 0% - 0:31
PP Forward
1 - 57% - 60% - 2:18
2 - 43% - 40% - 1:43
PP Defense
1 - 54% - 60% - 2:10
2 - 46% - 40% - 1:51
PK Forward
1 - 75% - 60% - 7:47
2 - 25% - 40% - 2:34
PK Defense
1 - 54% - 60% - 5:37
2 - 46% - 40% - 4:44
PK3 Forward
1 - 0% - 60%
2 - 0% - 40%
PK3 Defense
1 - 0% - 60%
2 - 0% - 40%
44 Forward
1 - 82% - 60% - 5:40
2 - 18% - 40% - 1:16
44 Defense
1 - 65% - 60% - 4:31
2 - 35% - 40% - 2:25
Last Minute Offensive  - 0:00
Last Minute Defensive  - 0:00
Total
Forward - 65:00
Defense - 65:00

% Time on Ice - Coyotes

Lines # - Real PCT - Wanted PCT - Time Play
Normal Forward
1 - 35% - 37% - 15:24
2 - 30% - 30% - 12:58
3 - 19% - 20% - 8:25
4 - 16% - 13% - 6:55
Normal Defense
1 - 40% - 42% - 17:22
2 - 35% - 34% - 15:28
3 - 24% - 24% - 10:22
4 - 1% - 0% - 0:30
PP Forward
1 - 60% - 60% - 6:10
2 - 40% - 40% - 4:11
PP Defense
1 - 55% - 60% - 5:41
2 - 45% - 40% - 4:40
PK Forward
1 - 80% - 60% - 3:14
2 - 20% - 40% - 0:47
PK Defense
1 - 64% - 60% - 2:35
2 - 36% - 40% - 1:26
PK3 Forward
1 - 0% - 60%
2 - 0% - 40%
PK3 Defense
1 - 0% - 60%
2 - 0% - 40%
44 Forward
1 - 74% - 60% - 5:07
2 - 26% - 40% - 1:49
44 Defense
1 - 69% - 60% - 4:47
2 - 31% - 40% - 2:09
Last Minute Offensive  - 0:00
Last Minute Defensive  - 0:00
Total
Forward - 65:00
Defense - 65:00

Play by Play

1st period


0:01 of 1st period - Anze Kopitar wins face-off versus Brad Richards in neutral zone.
0:06 of 1st period - Slapshot by Jason Pominville.
0:06 of 1st period - Goal by Jason Pominville - Kings : 1 - Coyotes : 0.
0:07 of 1st period - Frans Nielsen wins face-off versus Nazem Kadri in neutral zone.
0:16 of 1st period - Snap shot by Nazem Kadri.
0:16 of 1st period - Shot Blocked by Michal Rozsival.
0:40 of 1st period - Michal Rozsival is hit by Mark Bell and loses puck.
1:11 of 1st period - Wrist shot by Chris Mcallister.
1:11 of 1st period - Stopped by Ryan Miller without a rebound.
1:12 of 1st period - Darroll Powe wins face-off versus Brooks Laich in Coyotes zone.
1:17 of 1st period - Snap shot by Cam Janssen.
1:17 of 1st period - Stopped by Ryan Miller with a rebound.
1:56 of 1st period - Icing by Ryan Callahan.
1:57 of 1st period - Nazem Kadri wins face-off versus Anze Kopitar in Kings zone.
3:48 of 1st period - Wrist shot by Martin Samuelsson.
3:48 of 1st period - Shot Misses the Net.
3:50 of 1st period - Wrist shot by Chris Neil.
3:50 of 1st period - Shot Misses the Net.
3:52 of 1st period - Snap shot by Chris Neil.
3:52 of 1st period - Shot Misses the Net.
4:03 of 1st period - Off-side.
4:04 of 1st period - Frans Nielsen wins face-off versus Brad Richards in neutral zone.
4:37 of 1st period - Michal Rozsival is hit by Marian Gaborik and loses puck.
4:58 of 1st period - Wrist shot by Marian Gaborik.
4:58 of 1st period - Stopped by Jonathan Quick without a rebound.
4:59 of 1st period - Anze Kopitar wins face-off versus Maxim Talbot in Kings zone.
5:33 of 1st period - Wrist shot by Nazem Kadri.
5:33 of 1st period - Stopped by Jonathan Quick with a rebound.
5:47 of 1st period - Slapshot by Kristopher Letang.
5:47 of 1st period - Shot Blocked by Alec Martinez.
6:03 of 1st period - Minor Penalty to Cam Janssen for Hooking.
6:04 of 1st period - Mike Comrie wins face-off versus Brad Richards in Kings zone.
6:31 of 1st period - Mike Comrie is hit by Nazem Kadri and loses puck.
7:00 of 1st period - Wrist shot by Nazem Kadri.
7:00 of 1st period - Deflect By Tyler Ennis.
7:00 of 1st period - Stopped by Jonathan Quick with a rebound.
8:01 of 1st period - Icing by Maxim Talbot.
8:02 of 1st period - Mike Comrie wins face-off versus Mark Bell in Coyotes zone.
8:03 of 1st period - Penalty to Cam Janssen is over, Cam Janssen is back on ice.
8:05 of 1st period - Snap shot by Chris Mcallister.
8:05 of 1st period - Stopped by Ryan Miller with a rebound.
8:36 of 1st period - Mark Bell is hit by Ryan Callahan and loses puck.
9:01 of 1st period - Slapshot by Cam Janssen.
9:01 of 1st period - Shot Blocked by Greg Zanon.
9:03 of 1st period - Snap shot by Cam Janssen.
9:03 of 1st period - Shot Misses the Net.
9:05 of 1st period - Snap shot by Drew Doughty.
9:05 of 1st period - Deflect By Cam Janssen.
9:05 of 1st period - Goal by Cam Janssen - Kings : 2 - Coyotes : 0.
9:06 of 1st period - Anze Kopitar wins face-off versus Brad Richards in neutral zone.
9:56 of 1st period - Off-side.
9:57 of 1st period - Frans Nielsen wins face-off versus Maxim Talbot in neutral zone.
10:58 of 1st period - Snap shot by Drew Miller.
10:58 of 1st period - Deflect By Greg Zanon.
10:58 of 1st period - Goal by Drew Miller - Kings : 3 - Coyotes : 0.
10:59 of 1st period - Anze Kopitar wins face-off versus Brad Richards in neutral zone.
11:02 of 1st period - Wrist shot by Anze Kopitar.
11:02 of 1st period - Shot Misses the Net.
11:08 of 1st period - Snap shot by Johnny Gaudreau.
11:08 of 1st period - Shot Misses the Net.
11:18 of 1st period - Jason Pominville is hit by Zach Parise.
11:38 of 1st period - Slapshot by Maxim Talbot.
11:38 of 1st period - Stopped by Jonathan Quick with a rebound.
12:51 of 1st period - Slapshot by Maxim Talbot.
12:51 of 1st period - Shot Misses the Net.
12:57 of 1st period - Wrist shot by Maxim Talbot.
12:57 of 1st period - Shot Blocked by Blake Wheeler.
13:19 of 1st period - Snap shot by Nazem Kadri.
13:19 of 1st period - Deflect By Chris Stewart.
13:19 of 1st period - Shot Misses the Net.
13:19 of 1st period - Puck is out of play.
13:20 of 1st period - Brad Richards wins face-off versus Anze Kopitar in Kings zone.
13:34 of 1st period - Minor Penalty to Anze Kopitar for Hooking.
13:35 of 1st period - Brad Richards wins face-off versus Mike Comrie in Kings zone.
13:35 of 1st period - Backhand shot by Marian Gaborik.
13:35 of 1st period - Stopped by Jonathan Quick without a rebound.
13:36 of 1st period - Brad Richards wins face-off versus Mike Comrie in Kings zone.
13:39 of 1st period - Wrist shot by Brad Richards.
13:39 of 1st period - Stopped by Jonathan Quick without a rebound.
13:40 of 1st period - Mike Comrie wins face-off versus Brad Richards in Kings zone.
13:54 of 1st period - Icing by Zach Parise.
13:55 of 1st period - Brad Richards wins face-off versus Mike Comrie in Coyotes zone.
14:00 of 1st period - Slapshot by Kristopher Letang.
14:00 of 1st period - Deflect By Randy Jones.
14:00 of 1st period - Stopped by Jonathan Quick without a rebound.
14:01 of 1st period - Brad Richards wins face-off versus Mike Comrie in Kings zone.
14:10 of 1st period - Wrist shot by Brad Richards.
14:10 of 1st period - Shot Misses the Net.
14:33 of 1st period - Slapshot by Anton Stralman.
14:33 of 1st period - Shot Blocked by Torey Krug.
15:05 of 1st period - Snap shot by Marian Gaborik.
15:05 of 1st period - Deflect By Zach Parise.
15:05 of 1st period - Shot Misses the Net.
15:05 of 1st period - Puck is out of play.
15:06 of 1st period - Nazem Kadri wins face-off versus Mike Comrie in Kings zone.
15:17 of 1st period - Snap shot by Chris Stewart.
15:17 of 1st period - Shot Misses the Net.
15:34 of 1st period - Penalty to Anze Kopitar is over, Anze Kopitar is back on ice.
15:38 of 1st period - Jason Pominville is hit by Nazem Kadri and loses puck.
15:49 of 1st period - Snap shot by Anze Kopitar.
15:49 of 1st period - Goal by Anze Kopitar - Kings : 4 - Coyotes : 0.
15:49 of 1st period - Maxime Daigneault enters game.
15:50 of 1st period - Brad Richards wins face-off versus Anze Kopitar in neutral zone.
16:16 of 1st period - Eric Brewer is hit by Ryan Callahan and loses puck.
16:23 of 1st period - Snap shot by Frans Nielsen.
16:23 of 1st period - Stopped by Maxime Daigneault with a rebound.
16:31 of 1st period - Frans Nielsen is hit by Tyler Ennis and loses puck.
17:01 of 1st period - Minor Penalty to Greg Zanon for Slashing.
17:02 of 1st period - Maxim Talbot wins face-off versus Anze Kopitar in Coyotes zone.
17:33 of 1st period - Snap shot by Drew Miller.
17:33 of 1st period - Stopped by Maxime Daigneault with a rebound.
17:35 of 1st period - Snap shot by Blake Wheeler.
17:35 of 1st period - Shot Blocked by Kristopher Letang.
18:05 of 1st period - Johnny Gaudreau is hit by Brad Richards and loses puck.
19:01 of 1st period - Penalty to Greg Zanon is over, Greg Zanon is back on ice.
19:12 of 1st period - Icing by Chris Stewart.
19:13 of 1st period - Nazem Kadri wins face-off versus Darroll Powe in Coyotes zone.
19:18 of 1st period - Slapshot by Nazem Kadri.
19:18 of 1st period - Goal by Nazem Kadri - Kings : 4 - Coyotes : 1.
19:19 of 1st period - Brad Richards wins face-off versus Anze Kopitar in neutral zone.
19:24 of 1st period - Wrist shot by Zach Parise.
19:24 of 1st period - Shot Blocked by Jason Pominville.
19:26 of 1st period - Slapshot by Marian Gaborik.
19:26 of 1st period - Stopped by Jonathan Quick without a rebound.
19:27 of 1st period - Brad Richards wins face-off versus Anze Kopitar in Kings zone.
19:40 of 1st period - Wrist shot by Marian Gaborik.
19:40 of 1st period - Shot Blocked by Johnny Gaudreau.
19:42 of 1st period - Snap shot by Kristopher Letang.
19:42 of 1st period - Stopped by Jonathan Quick with a rebound.
Goals for this period are 4 for Kings vs 1 for Coyotes.
Shots for this period are 9 for Kings vs 10 for Coyotes.

2nd period


0:01 of 2nd period - Anze Kopitar wins face-off versus Brad Richards in neutral zone.
0:51 of 2nd period - Snap shot by Mike Comrie.
0:51 of 2nd period - Shot Misses the Net.
0:53 of 2nd period - Wrist shot by Mike Comrie.
0:53 of 2nd period - Shot Misses the Net.
0:55 of 2nd period - Snap shot by Blake Wheeler.
0:55 of 2nd period - Deflect By Mike Comrie.
0:55 of 2nd period - Shot Misses the Net.
0:55 of 2nd period - Puck is out of play.
0:56 of 2nd period - Zach Parise wins face-off versus Anze Kopitar in Coyotes zone.
1:11 of 2nd period - Wrist shot by Marian Gaborik.
1:11 of 2nd period - Deflect By Brad Richards.
1:11 of 2nd period - Shot Blocked by Radko Gudas.
1:11 of 2nd period - Puck is out of play.
1:12 of 2nd period - Nazem Kadri wins face-off versus Frans Nielsen in Kings zone.
1:41 of 2nd period - Wrist shot by Johnny Gaudreau.
1:41 of 2nd period - Stopped by Maxime Daigneault with a rebound.
2:24 of 2nd period - Snap shot by Zach Parise.
2:24 of 2nd period - Stopped by Jonathan Quick without a rebound.
2:25 of 2nd period - Nazem Kadri wins face-off versus Mike Comrie in Kings zone.
2:26 of 2nd period - Slapshot by Tyler Ennis.
2:26 of 2nd period - Shot Misses the Net.
2:36 of 2nd period - Wrist shot by Nazem Kadri.
2:36 of 2nd period - Shot Blocked by Radko Gudas.
2:38 of 2nd period - Slapshot by Anton Stralman.
2:38 of 2nd period - Stopped by Jonathan Quick with a rebound.
2:40 of 2nd period - Slapshot by Tyler Ennis.
2:40 of 2nd period - Shot Blocked by Mike Comrie.
2:42 of 2nd period - Slapshot by Nazem Kadri.
2:42 of 2nd period - Stopped by Jonathan Quick with a rebound.
2:52 of 2nd period - Ryan Callahan is hit by Anton Stralman.
3:00 of 2nd period - Snap shot by Enver Lisin.
3:00 of 2nd period - Shot Misses the Net.
3:12 of 2nd period - Snap shot by Anze Kopitar.
3:12 of 2nd period - Shot Misses the Net.
4:01 of 2nd period - Slapshot by Drew Doughty.
4:01 of 2nd period - Shot Misses the Net.
4:09 of 2nd period - Alec Martinez is hit by Tyler Ennis and loses puck.
4:16 of 2nd period - Wrist shot by Tyler Ennis.
4:16 of 2nd period - Shot Blocked by Alec Martinez.
4:32 of 2nd period - Wrist shot by Chris Stewart.
4:32 of 2nd period - Stopped by Jonathan Quick without a rebound.
4:33 of 2nd period - Brad Richards wins face-off versus Frans Nielsen in Kings zone.
4:38 of 2nd period - Slapshot by Zach Parise.
4:38 of 2nd period - Shot Misses the Net.
4:42 of 2nd period - Snap shot by Zach Parise.
4:42 of 2nd period - Shot Misses the Net.
5:06 of 2nd period - Snap shot by Johnny Gaudreau.
5:06 of 2nd period - Shot Misses the Net.
5:08 of 2nd period - Snap shot by Jason Pominville.
5:08 of 2nd period - Shot Misses the Net.
5:10 of 2nd period - Snap shot by Anze Kopitar.
5:10 of 2nd period - Stopped by Maxime Daigneault without a rebound.
5:11 of 2nd period - Brad Richards wins face-off versus Anze Kopitar in Coyotes zone.
5:16 of 2nd period - Wrist shot by Marian Gaborik.
5:16 of 2nd period - Stopped by Jonathan Quick without a rebound.
5:17 of 2nd period - Brad Richards wins face-off versus Anze Kopitar in Kings zone.
5:20 of 2nd period - Slapshot by Zach Parise.
5:20 of 2nd period - Shot Misses the Net.
5:22 of 2nd period - Slapshot by Josh Gorges.
5:22 of 2nd period - Shot Misses the Net.
5:24 of 2nd period - Slapshot by Eric Brewer.
5:24 of 2nd period - Deflect By Brad Richards.
5:24 of 2nd period - Goal by Brad Richards - Kings : 4 - Coyotes : 2.
5:25 of 2nd period - Frans Nielsen wins face-off versus Brad Richards in neutral zone.
5:27 of 2nd period - Minor Penalty to Frans Nielsen for Cross-checking.
5:28 of 2nd period - Mike Comrie wins face-off versus Brad Richards in Kings zone.
5:32 of 2nd period - Snap shot by Marian Gaborik.
5:32 of 2nd period - Goal by Marian Gaborik - Kings : 4 - Coyotes : 3.
5:33 of 2nd period - Brad Richards wins face-off versus Frans Nielsen in neutral zone.
5:56 of 2nd period - Minor Penalty to Marian Gaborik for Hooking.
5:57 of 2nd period - Mark Bell wins face-off versus Anze Kopitar in Coyotes zone.
6:12 of 2nd period - Slapshot by Drew Doughty.
6:12 of 2nd period - Deflect By Maxim Talbot.
6:12 of 2nd period - Stopped by Maxime Daigneault without a rebound.
6:13 of 2nd period - Anze Kopitar wins face-off versus Maxim Talbot in Coyotes zone.
6:14 of 2nd period - Slapshot by Johnny Gaudreau.
6:14 of 2nd period - Shot Misses the Net.
6:16 of 2nd period - Slapshot by Drew Doughty.
6:16 of 2nd period - Stopped by Maxime Daigneault without a rebound.
6:17 of 2nd period - Mark Bell wins face-off versus Jason Pominville in Coyotes zone.
6:51 of 2nd period - Josh Gorges is hit by Drew Miller and loses puck.
6:58 of 2nd period - Slapshot by Drew Doughty.
6:58 of 2nd period - Deflect By Martin Samuelsson.
6:58 of 2nd period - Stopped by Maxime Daigneault with a rebound.
7:00 of 2nd period - Snap shot by Frans Nielsen.
7:00 of 2nd period - Stopped by Maxime Daigneault with a rebound.
7:02 of 2nd period - Wrist shot by Frans Nielsen.
7:02 of 2nd period - Shot Misses the Net.
7:56 of 2nd period - Penalty to Marian Gaborik is over, Marian Gaborik is back on ice.
7:58 of 2nd period - Marian Gaborik is hit by Anze Kopitar and loses puck.
8:21 of 2nd period - Slapshot by Anton Stralman.
8:21 of 2nd period - Stopped by Jonathan Quick without a rebound.
8:22 of 2nd period - Nazem Kadri wins face-off versus Mike Comrie in Kings zone.
8:29 of 2nd period - Slapshot by Nazem Kadri.
8:29 of 2nd period - Stopped by Jonathan Quick without a rebound.
8:30 of 2nd period - Mike Comrie wins face-off versus Nazem Kadri in Kings zone.
8:39 of 2nd period - Slapshot by Chris Mcallister.
8:39 of 2nd period - Shot Misses the Net.
8:41 of 2nd period - Snap shot by Blake Wheeler.
8:41 of 2nd period - Stopped by Maxime Daigneault without a rebound.
8:42 of 2nd period - Brad Richards wins face-off versus Frans Nielsen in Coyotes zone.
8:42 of 2nd period - Brad Richards is hit by Drew Miller.
9:34 of 2nd period - Nazem Kadri is hit by Chris Mcallister and loses puck.
9:52 of 2nd period - Snap shot by Zach Parise.
9:52 of 2nd period - Deflect By Marian Gaborik.
9:52 of 2nd period - Shot Blocked by Randy Jones.
9:52 of 2nd period - Puck is out of play.
9:53 of 2nd period - Brad Richards wins face-off versus Frans Nielsen in Kings zone.
9:54 of 2nd period - Snap shot by Marian Gaborik.
9:54 of 2nd period - Stopped by Jonathan Quick with a rebound.
9:56 of 2nd period - Wrist shot by Marian Gaborik.
9:56 of 2nd period - Stopped by Jonathan Quick without a rebound.
9:57 of 2nd period - Ryan Callahan wins face-off versus Marian Gaborik in Kings zone.
10:06 of 2nd period - Slapshot by Drew Miller.
10:06 of 2nd period - Stopped by Maxime Daigneault with a rebound.
10:16 of 2nd period - Drew Miller is hit by Zach Parise and loses puck.
10:27 of 2nd period - Snap shot by Zach Parise.
10:27 of 2nd period - Shot Hit the Post.
10:29 of 2nd period - Slapshot by Greg Zanon.
10:29 of 2nd period - Deflect By Zach Parise.
10:29 of 2nd period - Shot Misses the Net.
10:29 of 2nd period - Puck is out of play.
10:30 of 2nd period - Anze Kopitar wins face-off versus Maxim Talbot in Kings zone.
11:20 of 2nd period - Snap shot by Zach Parise.
11:20 of 2nd period - Stopped by Jonathan Quick with a rebound.
11:22 of 2nd period - Slapshot by Eric Brewer.
11:22 of 2nd period - Stopped by Jonathan Quick without a rebound.
11:23 of 2nd period - Brad Richards wins face-off versus Frans Nielsen in Kings zone.
11:31 of 2nd period - Minor Penalty to Colton Parayko for Slashing.
11:32 of 2nd period - Brad Richards wins face-off versus Mike Comrie in Kings zone.
11:32 of 2nd period - Snap shot by Marian Gaborik.
11:32 of 2nd period - Stopped by Jonathan Quick with a rebound.
11:34 of 2nd period - Minor Penalty to Anton Stralman for Holding Stick.
11:35 of 2nd period - Anze Kopitar wins face-off versus Brad Richards in Coyotes zone.
11:42 of 2nd period - Snap shot by Drew Miller.
11:42 of 2nd period - Deflect By Anze Kopitar.
11:42 of 2nd period - Stopped by Maxime Daigneault without a rebound.
11:43 of 2nd period - Brad Richards wins face-off versus Anze Kopitar in Coyotes zone.
12:27 of 2nd period - Slapshot by Brad Richards.
12:27 of 2nd period - Shot Blocked by Radko Gudas.
12:29 of 2nd period - Slapshot by Thomas Hickey.
12:29 of 2nd period - Shot Blocked by Anze Kopitar.
12:31 of 2nd period - Wrist shot by Brad Richards.
12:31 of 2nd period - Shot Misses the Net.
12:47 of 2nd period - Wrist shot by Zach Parise.
12:47 of 2nd period - Stopped by Jonathan Quick with a rebound.
12:55 of 2nd period - Snap shot by Brad Richards.
12:55 of 2nd period - Stopped by Jonathan Quick with a rebound.
12:57 of 2nd period - Slapshot by Kristopher Letang.
12:57 of 2nd period - Shot Blocked by Drew Doughty.
12:59 of 2nd period - Wrist shot by Kristopher Letang.
12:59 of 2nd period - Shot Blocked by Drew Miller.
13:10 of 2nd period - Off-side.
13:11 of 2nd period - Nazem Kadri wins face-off versus Frans Nielsen in neutral zone.
13:31 of 2nd period - Penalty to Colton Parayko is over, Colton Parayko is back on ice.
13:34 of 2nd period - Penalty to Anton Stralman is over, Anton Stralman is back on ice.
13:55 of 2nd period - Slapshot by Maxim Talbot.
13:55 of 2nd period - Shot Blocked by Blake Wheeler.
14:24 of 2nd period - Wrist shot by Cam Janssen.
14:24 of 2nd period - Stopped by Maxime Daigneault with a rebound.
14:26 of 2nd period - Wrist shot by Cam Janssen.
14:26 of 2nd period - Shot Misses the Net.
14:40 of 2nd period - Snap shot by Chris Stewart.
14:40 of 2nd period - Stopped by Jonathan Quick with a rebound.
14:50 of 2nd period - Slapshot by Nazem Kadri.
14:50 of 2nd period - Stopped by Jonathan Quick with a rebound.
15:00 of 2nd period - Thomas Hickey is hit by Blake Wheeler and loses puck.
15:26 of 2nd period - Minor Penalty to Darroll Powe for Hooking.
15:27 of 2nd period - Mike Comrie wins face-off versus Brad Richards in Kings zone.
17:26 of 2nd period - Penalty to Darroll Powe is over, Darroll Powe is back on ice.
18:19 of 2nd period - Icing by Radko Gudas.
18:20 of 2nd period - Mike Comrie wins face-off versus Brooks Laich in Kings zone.
18:27 of 2nd period - Snap shot by Mike Comrie.
18:27 of 2nd period - Stopped by Maxime Daigneault without a rebound.
18:28 of 2nd period - Brad Richards wins face-off versus Anze Kopitar in Coyotes zone.
18:45 of 2nd period - Johnny Gaudreau is hit by Brad Richards and loses puck.
19:14 of 2nd period - Eric Brewer is hit by Frans Nielsen and loses puck.
19:29 of 2nd period - Snap shot by Maxim Talbot.
19:29 of 2nd period - Shot Blocked by Randy Jones.
19:31 of 2nd period - Wrist shot by Maxim Talbot.
19:31 of 2nd period - Stopped by Jonathan Quick without a rebound.
19:32 of 2nd period - Brad Richards wins face-off versus Anze Kopitar in Kings zone.
19:41 of 2nd period - Snap shot by Jason Pominville.
19:41 of 2nd period - Stopped by Maxime Daigneault with a rebound.
Goals for this period are 0 for Kings vs 2 for Coyotes.
Shots for this period are 12 for Kings vs 19 for Coyotes.

3rd period


0:01 of 3rd period - Anze Kopitar wins face-off versus Brad Richards in neutral zone.
0:13 of 3rd period - Johnny Gaudreau is hit by Marian Gaborik and loses puck.
1:24 of 3rd period - Snap shot by Marian Gaborik.
1:24 of 3rd period - Shot Misses the Net.
2:28 of 3rd period - Enver Lisin is hit by Radko Gudas and loses puck.
2:55 of 3rd period - Off-side.
2:56 of 3rd period - Brooks Laich wins face-off versus Frans Nielsen in neutral zone.
3:09 of 3rd period - Slapshot by Martin Samuelsson.
3:09 of 3rd period - Stopped by Jonathan Quick without a rebound.
3:10 of 3rd period - Brad Richards wins face-off versus Anze Kopitar in Kings zone.
4:00 of 3rd period - Anton Stralman is hit by Torey Krug and loses puck.
4:17 of 3rd period - Minor Penalty to Torey Krug for Tripping.
4:18 of 3rd period - Mike Comrie wins face-off versus Brad Richards in Kings zone.
4:33 of 3rd period - Wrist shot by Zach Parise.
4:33 of 3rd period - Shot Blocked by Michal Rozsival.
4:35 of 3rd period - Snap shot by Eric Brewer.
4:35 of 3rd period - Goal by Eric Brewer - Kings : 4 - Coyotes : 4.
4:36 of 3rd period - Anze Kopitar wins face-off versus Brad Richards in neutral zone.
4:43 of 3rd period - Snap shot by Jason Pominville.
4:43 of 3rd period - Shot Misses the Net.
5:23 of 3rd period - Snap shot by Enver Lisin.
5:23 of 3rd period - Stopped by Jonathan Quick without a rebound.
5:24 of 3rd period - Maxim Talbot wins face-off versus Mike Comrie in Kings zone.
5:28 of 3rd period - Minor Penalty to Mike Comrie for Tripping.
5:29 of 3rd period - Blake Wheeler wins face-off versus Brad Richards in Kings zone.
5:29 of 3rd period - Blake Wheeler is hit by Marian Gaborik.
6:08 of 3rd period - Snap shot by Tyler Ennis.
6:08 of 3rd period - Shot Blocked by Randy Jones.
6:32 of 3rd period - Torey Krug is hit by Chris Stewart and loses puck.
7:28 of 3rd period - Penalty to Mike Comrie is over, Mike Comrie is back on ice.
7:35 of 3rd period - Wrist shot by Anze Kopitar.
7:35 of 3rd period - Shot Misses the Net.
8:04 of 3rd period - Wrist shot by Chris Mcallister.
8:04 of 3rd period - Stopped by Maxime Daigneault with a rebound.
8:06 of 3rd period - Slapshot by Drew Doughty.
8:06 of 3rd period - Shot Misses the Net.
8:08 of 3rd period - Slapshot by Drew Doughty.
8:08 of 3rd period - Stopped by Maxime Daigneault with a rebound.
8:10 of 3rd period - Snap shot by Anze Kopitar.
8:10 of 3rd period - Stopped by Maxime Daigneault with a rebound.
8:12 of 3rd period - Slapshot by Drew Doughty.
8:12 of 3rd period - Deflect By Mike Comrie.
8:12 of 3rd period - Stopped by Maxime Daigneault with a rebound.
8:38 of 3rd period - Wrist shot by Chris Mcallister.
8:38 of 3rd period - Deflect By Mike Comrie.
8:38 of 3rd period - Stopped by Maxime Daigneault with a rebound.
8:40 of 3rd period - Snap shot by Torey Krug.
8:40 of 3rd period - Shot Misses the Net.
8:58 of 3rd period - Snap shot by Anze Kopitar.
8:58 of 3rd period - Stopped by Maxime Daigneault with a rebound.
9:12 of 3rd period - Slapshot by Drew Doughty.
9:12 of 3rd period - Shot Blocked by Brooks Laich.
9:14 of 3rd period - Wrist shot by Anze Kopitar.
9:14 of 3rd period - Stopped by Maxime Daigneault without a rebound.
9:15 of 3rd period - Brad Richards wins face-off versus Frans Nielsen in Coyotes zone.
9:32 of 3rd period - Backhand shot by Marian Gaborik.
9:32 of 3rd period - Stopped by Jonathan Quick with a rebound.
9:42 of 3rd period - Darroll Powe is hit by Nazem Kadri and loses puck.
10:29 of 3rd period - Randy Jones is hit by Marian Gaborik and loses puck.
10:46 of 3rd period - Slapshot by Tyler Ennis.
10:46 of 3rd period - Shot Misses the Net.
10:58 of 3rd period - Greg Zanon is hit by Colton Parayko.
11:02 of 3rd period - Enver Lisin is hit by Johnny Gaudreau and loses puck.
13:57 of 3rd period - Radko Gudas is hit by Mark Bell and loses puck.
14:13 of 3rd period - Radko Gudas is hit by Tyler Ennis and loses puck.
14:32 of 3rd period - Frans Nielsen is hit by Enver Lisin.
14:59 of 3rd period - Drew Doughty is hit by Brooks Laich and loses puck.
16:08 of 3rd period - Michal Rozsival is hit by Greg Zanon and loses puck.
16:25 of 3rd period - Anze Kopitar is hit by Chris Neil and loses puck.
17:11 of 3rd period - Minor Penalty to Radko Gudas for Delaying the game.
17:12 of 3rd period - Mike Comrie wins face-off versus Brad Richards in Kings zone.
17:36 of 3rd period - Kristopher Letang is hit by Michal Rozsival.
19:11 of 3rd period - Penalty to Radko Gudas is over, Radko Gudas is back on ice.
Goals for this period are 0 for Kings vs 1 for Coyotes.
Shots for this period are 7 for Kings vs 4 for Coyotes.

Overtime #1


0:01 of 1st overtime period - Brad Richards wins face-off versus Anze Kopitar in neutral zone.
0:12 of 1st overtime period - Snap shot by Brad Richards.
0:12 of 1st overtime period - Shot Misses the Net.
1:28 of 1st overtime period - Drew Doughty is hit by Josh Gorges and loses puck.
3:24 of 1st overtime period - Torey Krug is hit by Nazem Kadri and loses puck.
3:47 of 1st overtime period - Radko Gudas is hit by Maxim Talbot and loses puck.
Goals for this period are 0 for Kings vs 0 for Coyotes.
Shots for this period are 0 for Kings vs 0 for Coyotes.

ShootOut


5:00 of 1st overtime period - Penalty Shot by Anze Kopitar for Kings.
5:00 of 1st overtime period - Wrist shot by Anze Kopitar.
5:00 of 1st overtime period - Goal by Anze Kopitar.
5:00 of 1st overtime period - Penalty Shot by Tyler Ennis for Coyotes.
5:00 of 1st overtime period - Snap shot by Tyler Ennis.
5:00 of 1st overtime period - Goal by Tyler Ennis.
5:00 of 1st overtime period - Penalty Shot by Ryan Callahan for Kings.
5:00 of 1st overtime period - Deke by Ryan Callahan.
5:00 of 1st overtime period - Goal by Ryan Callahan.
5:00 of 1st overtime period - Penalty Shot by Marian Gaborik for Coyotes.
5:00 of 1st overtime period - Wrist shot by Marian Gaborik.
5:00 of 1st overtime period - Goal by Marian Gaborik.
5:00 of 1st overtime period - Penalty Shot by Drew Miller for Kings.
5:00 of 1st overtime period - Snap shot by Drew Miller.
5:00 of 1st overtime period - Stopped by Maxime Daigneault.
5:00 of 1st overtime period - Penalty Shot by Zach Parise for Coyotes.
5:00 of 1st overtime period - Snap shot by Zach Parise.
5:00 of 1st overtime period - Shot Misses the Net.
5:00 of 1st overtime period - Penalty Shot by Blake Wheeler for Kings.
5:00 of 1st overtime period - Wrist shot by Blake Wheeler.
5:00 of 1st overtime period - Stopped by Maxime Daigneault.
5:00 of 1st overtime period - Penalty Shot by Brad Richards for Coyotes.
5:00 of 1st overtime period - Wrist shot by Brad Richards.
5:00 of 1st overtime period - Shot Misses the Net.
5:00 of 1st overtime period - Penalty Shot by Frans Nielsen for Kings.
5:00 of 1st overtime period - Deke by Frans Nielsen.
5:00 of 1st overtime period - Stopped by Maxime Daigneault.
5:00 of 1st overtime period - Penalty Shot by Chris Stewart for Coyotes.
5:00 of 1st overtime period - Deke by Chris Stewart.
5:00 of 1st overtime period - Goal by Chris Stewart.